 Dungeon Crawl Stone Soup version 0.29.1-1-gd02db6906a (webtiles) character file.

Game seed: 10163311906501382343

292 NullDivider the Sneak (level 6, -4/36 HPs)
             Began as an Octopode Hedge Wizard on Sept 22, 2022.
             Slain by a hound (6 damage)
             ... on level 4 of the Dungeon.
             The game lasted 00:14:51 (5023 turns).

NullDivider the Sneak (Octopode Hedge Wizard)       Turns: 5023, Time: 00:14:52

Health: -4/36      AC:  1    Str: 10    XL:     6   Next: 33%
Magic:  11/11      EV: 13    Int: 16    God:
Gold:   137        SH:  0    Dex: 13    Spells: 7/12 levels left

rFire   . . .      SeeInvis .   t - +2 dagger (venom)
rCold   . . .      Faith    .   (no shield)
rNeg    . . .      Spirit   .   b - +0 hat
rPois   .          Reflect  .   (no amulet)
rElec   .          Harm     .   (no ring)
rCorr   .          Rampage  .   (no ring)
Will    .....                   (no ring)
Stlth   ++++......              (no ring)
HPRegen 0.12/turn               (no ring)
MPRegen 0.12/turn               (no ring)
                                (no ring)
                                (no ring)

@: no status effects
A: almost no armour, amphibious, 8 rings, camouflage 1, gelatinous body 1,
(nimble swimmer 1), tentacles
a: no special abilities


You were on level 4 of the Dungeon.
You visited 1 branch of the dungeon, and saw 4 of its levels.

You collected 137 gold pieces.

Inventory:

Hand Weapons
 t - a +2 dagger of venom (weapon)
Armour
 b - a +0 hat (worn)
Wands
 k - a wand of flame (9)
 q - a wand of digging (5)
Scrolls
 a - a scroll of immolation {unknown}
 e - a scroll of brand weapon
 f - a scroll of enchant weapon {unknown}
 i - a scroll of amnesia {unknown}
 j - a scroll of summoning {unknown}
 n - a scroll of enchant armour {unknown}
 o - 2 scrolls of magic mapping
 p - a scroll of fear {unknown}
 r - a scroll of teleportation {unknown}
 s - a scroll of vulnerability {unknown}
Potions
 c - a potion of magic
 d - a potion of cancellation {unknown}
 g - a potion of might {unknown}
 h - a potion of flight {unknown}
 l - a potion of curing
 m - 2 potions of brilliance


   Skills:
 * Level 2.4 Short Blades
 + Level 2.7 Dodging
 * Level 4.6 Stealth
 * Level 3.9 Spellcasting
 + Level 2.0 Conjurations
 + Level 2.1 Summonings
 + Level 2.0 Translocations


You had 7 spell levels left.
You knew the following spells:

 Your Spells              Type           Power      Damage    Failure   Level
a - Magic Dart            Conj           36%        1d4       8%          1
b - Call Imp              Summ           9%         N/A       11%         2
c - Blink                 Tloc           18%        N/A       11%         2

Your spell library contained the following spells:

 Spells                   Type           Power      Damage    Failure   Level
 Slow                     Hex            12%        N/A       17%         1
 Conjure Flame            Conj/Fire      6%         6-21      34%         3
 Mephitic Cloud           Conj/Pois/Air  5%         N/A       36%         3
 Tukima's Dance           Hex            3%         N/A       45%         3
 Passage of Golubria      Tloc           9%         N/A       58%         4
 Yara's Violent Unravell  Hex/Tmut       1%         3d3       99%         5


Dungeon Overview and Level Annotations

Branches:
Dungeon (4/15)
 Temple: D:4-7

Altars:

Shops:
D:4 (


Innate Abilities, Weirdness & Mutations

You cannot wear most types of armour.
You are amphibious.
You can wear up to eight rings at the same time.
Your skin changes colour to match your surroundings (Stealth+).
Your rubbery body absorbs attacks. (AC +1, EV +1)
((You are camouflaged when in or above water. (Stealth+)))
You have tentacles for arms and can constrict up to eight enemies at once.


Message History

Found a wand of flame (16) and 22 gold pieces.
The hobgoblin shouts!
The hound barks! x2
The hobgoblin shoots an arrow.
The arrow hits you. The hound bites you.
You hear a shout! x2
You hit the hound.
The hound is poisoned.
You grab the hound.
You squeeze the hound, but do no damage.
The hound is lightly wounded.
You constrict the hound, but do no damage.
The hobgoblin shoots an arrow.
The arrow closely misses you. The hound bites you.
You barely miss the hound. Your grab misses the hound. You constrict the hound.
The hound bites you.
The hobgoblin shoots an arrow.
The arrow misses you. The hound barely misses you. The hound misses you.
You hit the hound.
The hound looks as sick as possible!
The hound is heavily wounded.
You constrict the hound. The hound bites you.
The hobgoblin shoots an arrow.
The arrow barely misses you.
A hobgoblin comes into view.
The hound bites you.
* * * LOW HITPOINT WARNING * * *
You hit the hound.
The hound is heavily wounded.
You constrict the hound.
You kill the hound!
The hound completely misses you.
A goblin comes into view. It is wielding a +0 dagger.
The hound closely misses you.
Your Conjurations skill increases to level 2!
The hound barely misses you.
The hobgoblin unwields a +3 longbow.
The hobgoblin hits you but does no damage.
The hobgoblin hits you.
* * * LOW HITPOINT WARNING * * *
The hound bites you.
* * * LOW HITPOINT WARNING * * *
The hound attacks as you move away! The hound bites you.
* * * LOW HITPOINT WARNING * * *
The hobgoblin barely misses you.
There is a stone staircase leading up here.
The hound bites you.
You die...

..... ..# ...
...... ..## #...
#.....##..#....
..........#..# #
.............#.#
.....g..........
.............#
#....@g..#
#...hg...#.. #.
###...........#
#..#........$.#...
#.............# ..
###./.............
##.........##.#
#........$# ##
##........#


You could see a hound, 2 hobgoblins and a goblin.

Vanquished Creatures
  Edmund (D:4)
  A hound (D:4)
  5 adders
  5 orcs
  11 ball pythons
  2 endoplasms
  4 giant cockroaches
  8 goblins
  3 hobgoblins
  12 jackals
  8 kobolds
  2 quokkas (D:2)
  3 bats
  6 frilled lizards
  7 rats
78 creatures vanquished.

Vanquished Creatures (collateral kills)
  An adder (D:2)
  An orc (D:2)
  A jackal (D:2)
  A quokka (D:2)
4 creatures vanquished.

Vanquished Creatures (others)
  36 plants
36 creatures vanquished.

Grand Total: 118 creatures vanquished

Notes
Turn   | Place    | Note
-------+----------+-------------------------------------------
     0 | D:1      | NullDivider the Octopode Hedge Wizard began the quest for
                  | the Orb.
     0 | D:1      | Reached XP level 1. HP: 11/11 MP: 4/4
   215 | D:1      | Reached XP level 2. HP: 16/17 MP: 6/6
   221 | D:1      | Reached skill level 3 in Stealth
   304 | D:1      | Learned a level 2 spell: Call Imp
   307 | D:1      | Learned a level 2 spell: Blink
   766 | D:1      | Reached XP level 3. HP: 5/21 MP: 7/7
  1139 | D:2      | Reached skill level 1 in Short Blades
  1167 | D:2      | Reached XP level 4. HP: 8/27 MP: 8/8
  2795 | D:2      | HP: 1/27 [orc/+0 dagger (3)]
  2813 | D:2      | Reached XP level 5. HP: 3/31 MP: 2/10
  3423 | D:3      | Found a faded altar of an unknown god.
  4331 | D:4      | Noticed Edmund
  4343 | D:4      | Killed Edmund
  4344 | D:4      | Reached skill level 4 in Stealth
  4344 | D:4      | Reached XP level 6. HP: 9/36 MP: 11/11
  4596 | D:4      | Found Oruob Ceh's Antique Weapon Shop.
  4628 | D:3      | HP: 1/36 [orc/+2 vorpal flail (2)]
  5023 | D:4      | Slain by a hound

Illustrated notes

Levels and vault maps discovered:
D:1:      wander_arrival_desolate, layout_rooms, ebering_dispersal_statue_hall
D:2:      layout_basic, serial_bayou, serial_bayou_lagoon_a,
          serial_bayou_shore_b, serial_bayou_crossing, serial_bayou_pond_b,
          minmay_stone_trees_small
D:3:      layout_basic, serial_co_window_serial, co_window_corner_a,
          co_window_of_opportunity_a, co_window_cross_1, co_window_corner_a,
          co_window_paths_a, co_window_unsneaky_path_d,
          co_window_unsneaky_path_b, co_window_of_opportunity_c,
          co_window_corner_ca, co_window_cross_3, co_window_sun,
          co_window_paths_e, glass_columns_b, glass_columns_c,
          nicolae_ecumenical_snake_handling, lexackson_kobold_supper
D:4:      layout_cave_pools, serial_shops, nicolae_take_the_stairs,
          kennysheep_path_1, uniq_edmund

Skill      XL: |  1  2  3  4  5  6 |
---------------+-------------------+-----
Stealth        | 3 4 |  4.6
Short Blades   | 1 2 |  2.4
Summonings     | 2 |  2.1
Translocations | 2 |  2.0
Conjurations   | 2 |  2.0
Dodging        | |  2.7
Spellcasting   | |  3.9

Action                   |  1- 3 |  4- 6 || total
-------------------------+-------+-------++-------
Melee: Dagger            |    57 |    98 ||   155
       Constrict         |    17 |    27 ||    44
       Tentacles         |    10 |    20 ||    30
       Punch             |     1 |     4 ||     5
 Cast: Magic Dart        |     4 |    26 ||    30
       Call Imp          |     1 |     1 ||     2
       Blink             |       |     2 ||     2
  Use: Scroll            |       |     4 ||     4
 Stab: Sleeping          |     6 |    10 ||    16
       Distracted        |     1 |       ||     1
Armor: Skin              |     6 |     4 ||    10
Dodge: Dodged            |    40 |    72 ||   112
